 Dungeon Crawl Stone Soup version 0.14-a0-2400-gb2944a8 (webtiles) character file.

247 RedPan the Cudgeler (level 5, -4/32 HPs)
             Began as a Gargoyle Fighter on Feb 3, 2014.
             Incinerated by letownia's ghost (5 damage)
             ... with a sticky flame
             ... on Level 4 of the Dungeon.
             The game lasted 00:05:27 (2165 turns).

RedPan the Cudgeler (Gargoyle Fighter)              Turns: 2165, Time: 00:05:27

HP  -4/32        AC 13     Str 18      XL: 5   Next: 16%
MP   0/5         EV  6     Int  8      God:
Gold 114         SH 17     Dex  9      Spells:  0 memorised,  4 levels left

rFire  . . .     SeeInvis .     a - +0,+1 mace
rCold  . . .     Clarity  .     b - +1 scale mail
rNeg   + + .     Conserve .     c - +0 shield
rPois  +         rCorr    .     (no helmet)
rElec  +         rRot     +     (no cloak)
SustAb . .       Spirit   +     (no gloves)
rMut   .         Warding  .     i - +0 pair of boots (curse)
Saprov . . .     Stasis   .     h - cursed amulet of guardian spirit
MR     .....                    q - ring of positive energy {unknown}
                                o - cursed -3 ring of strength

@: liquid flames, glowing, not resistant to hostile enchantments, extremely
unstealthy
A: life protection 1, electricity resistance, unbreathing, petrification
resistance, AC +4
a: no special abilities


You were on level 4 of the Dungeon.
You were hungry.

You visited 1 branch of the dungeon, and saw 4 of its levels.

You collected 114 gold pieces.

Inventory:

Hand weapons
 a - a +0,+1 mace (weapon)
Armour
 b - a +1 scale mail (worn)
 c - a +0 shield (worn)
 i - a cursed +0 pair of boots (worn)
Comestibles
 d - a bread ration
 j - a choko
 l - a meat ration
Scrolls
 g - a scroll of enchant weapon II
Jewellery
 h - a cursed amulet of guardian spirit (around neck)
 o - a cursed -3 ring of strength (left hand)
 q - a ring of positive energy (right hand) {unknown}
Potions
 e - 2 potions of speed {unknown}
 f - 2 potions of curing
 k - a potion of heal wounds {unknown}
 m - a potion of magic {unknown}
 p - a potion of brilliance {unknown}


   Skills:
 - Level 3.2 Fighting
 + Level 5.7 Maces & Flails
 - Level 3.2 Armour
 - Level 3.2 Shields


You had 4 spell levels left.
You didn't know any spells.

Dungeon Overview and Level Annotations

Branches:
Dungeon (4/16)
 Temple: D:4-7

Altars:

Annotations:
D:4 Dowan; Duvessa; letownia's ghost, average DjFE


Innate Abilities, Weirdness & Mutations

You are resistant to torment.
You are immune to poison.
Your stone body is very resilient (AC +4).
You resist negative energy.
You are resistant to electric shocks.
You can survive without breathing.
You are immune to petrification.


Message History

The sticky flame hits you!
You are covered in liquid flames!
You hit letownia's ghost.
Letownia's ghost is moderately damaged.
You are covered in liquid flames!
One of your 2 scrolls of enchant weapon II catches fire!
Your scroll of identify catches fire!
You block letownia's ghost's attack.
Letownia's ghost sprays you with burning goo.
The sticky flame hits you!
You are covered in liquid flames!
You hit letownia's ghost but do no damage.
Letownia's ghost is moderately damaged.
You are covered in liquid flames!
* * * LOW HITPOINT WARNING * * *
Letownia's ghost hits you but does no damage.
You are too injured to fight recklessly!
You are covered in liquid flames!
* * * LOW HITPOINT WARNING * * *
You are covered in liquid flames!
You die...

### ..# #########[#
.........#.# #
..#####<#.#.###≈.
.........@.#....≈≈♣
#######.#....#
...#p##.# ##..#..#
# #..#..# #..#...
#..#.... #..#....?
.#......


You could see letownia's ghost.

Vanquished Creatures
  5 adders
  A giant mite (D:3)
  2 worms (D:3)
  2 giant geckos
  5 orcs (D:3)
  A ball python (D:2)
  2 giant cockroaches
  6 hobgoblins
  4 jackals (D:2)
  A quokka (D:3)
  6 bats
  7 giant newts
  13 goblins
  4 kobolds
  7 rats
66 creatures vanquished.

Notes
Turn   | Place    | Note
--------------------------------------------------------------
     0 | D:1      | RedPan, the Gargoyle Fighter, began the quest for the Orb.
     0 | D:1      | Reached XP level 1. HP: 14/14 MP: 1/1
    84 | D:1      | Reached XP level 2. HP: 16/19 MP: 2/2
   346 | D:1      | Reached XP level 3. HP: 23/23 MP: 3/3
   682 | D:2      | Reached skill level 4 in Maces & Flails
   978 | D:2      | Reached XP level 4. HP: 28/28 MP: 4/4
  1554 | D:3      | Reached skill level 5 in Maces & Flails
  1697 | D:3      | Reached XP level 5. HP: 26/32 MP: 5/5
  2119 | D:4      | Noticed Duvessa
  2119 | D:4      | Noticed Dowan
  2146 | D:4      | Noticed letownia's ghost (average DjFE)
  2164 | D:4      | HP: 1/32 [burnt (5)]
  2165 | D:4      | Incinerated by letownia's ghost

Action                   |  1- 3 |  4- 6 || total
-------------------------+-------+-------++-------
Melee: Mace              |   139 |   126 ||   265
  Use: Scroll            |       |     8 ||     8
